 Dungeon Crawl Stone Soup version 0.30-a0-424-g7412bad402 (webtiles) character file.

Game seed: 3034336844501734678

342 Mitcholas the Shooter (level 6, -6/31 HPs)
             Began as a Spriggan Hunter on Dec 9, 2022.
             Killed from afar by an orc (10 damage)
             ... with an iceblast
             ... on level 4 of the Dungeon.
             The game lasted 00:15:52 (2621 turns).

Mitcholas the Shooter (Spriggan Hunter)             Turns: 2621, Time: 00:15:52

Health: -6/31      AC:  2    Str:  7    XL:     6   Next: 30%
Magic:  7/7        EV: 19    Int: 16    God:
Gold:   143        SH:  0    Dex: 21    Spells: 5/5 levels left

rFire   . . .      SeeInvis +    a - +0 shortbow
rCold   . . .      Faith    .    (shield currently unavailable)
rNeg    . . .      Spirit   .    c - +0 robe
rPois   .          Reflect  .    (helmet restricted)
rElec   .          Harm     .    (no cloak)
rCorr   .          Rampage  .    (gloves unavailable)
Will    +....                    (boots unavailable)
Stlth   +++.......               (no amulet)
HPRegen 0.25/turn                u - +6 ring of intelligence
MPRegen 0.10/turn                (no ring)

@: very quick
A: very small, no large weapons, unfitting armour, see invisible, speed 3
a: no special abilities


You were on level 4 of the Dungeon.
You visited 1 branch of the dungeon, and saw 4 of its levels.

You collected 143 gold pieces.

Inventory:

Hand Weapons
 a - a +0 shortbow (weapon)
 b - a +0 dagger
Missiles
 l - 12 poisoned darts
 y - a throwing net
Armour
 c - a +0 robe (worn)
 s - +0 swamp dragon scales
Jewellery
 u - a +6 ring of intelligence (left hand)
Wands
 z - a wand of mindburst (9)
 A - a wand of iceblast (8)
Scrolls
 e - 2 scrolls of teleportation {unknown}
 g - 2 scrolls of enchant weapon {unknown}
 h - 5 scrolls of identify {unknown}
 j - a scroll of enchant armour {unknown}
 k - 3 scrolls of immolation
 p - 2 scrolls of fog {unknown}
 r - a scroll of acquirement {unknown}
 t - 2 scrolls of noise {unknown}
 v - a scroll of amnesia {unknown}
 w - a scroll of summoning {unknown}
 x - a scroll of magic mapping {unknown}
Potions
 d - 3 potions of attraction {unknown}
 f - 3 potions of curing {unknown}
 i - a potion of invisibility {unknown}
 m - a potion of brilliance {unknown}
 n - 3 potions of flight {unknown}
 o - 2 potions of might {unknown}
 q - 2 potions of heal wounds {unknown}
 B - a potion of berserk rage {unknown}


   Skills:
 + Level 2.3 Fighting
 * Level 6.5 Ranged Weapons
 - Level 1.0 Armour
 + Level 3.7 Dodging
 + Level 3.0 Stealth


You had 5 spell levels left.
You didn't know any spells.
Your spell library was empty.

Dungeon Overview and Level Annotations

Branches:
Dungeon (4/15)
 Temple: D:4-7

Altars:
Kikubaaqudgha
Nemelex Xobeh
Wu Jian
Xom

Shops:
D:1 *

Annotations:
D:3 2 transporters, Ahpoh's ghost, weakling HuGl; Sigmund


Innate Abilities, Weirdness & Mutations

You are very small and have problems with some larger weapons.
You are too small for most types of armour.
You have supernaturally acute eyesight. (SInv)
You cover ground extremely quickly. (Speed+++)


Message History

A hound is nearby!
You shoot an arrow. The arrow hits the hound!
The hound is heavily wounded.
You shoot an arrow. The arrow barely misses the hound.
You shoot an arrow. The arrow barely misses the hound.
The hound barely misses you. The hound completely misses you.
You shoot an arrow. The arrow closely misses the hound.
The hound bites you.
You shoot an arrow. The arrow closely misses the hound.
The hound completely misses you. The hound barely misses you.
You shoot an arrow.
The arrow hits the hound but does no damage.
The hound is heavily wounded.
The hound closely misses you. The hound completely misses you.
You shoot an arrow.
The arrow hits the hound but does no damage.
The hound is heavily wounded.
The hound bites you.
You shoot an arrow. The arrow hits the hound!
The hound is almost dead.
You hear a shout!
The hound misses you. x2
You shoot an arrow. The arrow closely misses the hound.
The hound closely misses you. x2
You shoot an arrow. The arrow hits the hound!
You kill the hound!
Your Stealth skill increases to level 3!
You shoot an arrow.
The arrow hits the orc but does no damage.
The orc zaps a wand.
The mass of ice explodes!
The iceblast engulfs you!!
Ouch! That really hurt!
* * * LOW HITPOINT WARNING * * *
You hear a shout!
You are too injured to fight recklessly!
Things that are here:
a scroll labelled HAISAE LYUL; a hound corpse The orc zaps a wand.
The mass of ice explodes!
The iceblast engulfs you!
* * * LOW HITPOINT WARNING * * *
You hear an angry hiss.
The orc zaps a wand.
The mass of ice explodes!
The iceblast engulfs you!
You die...

.# #####.# ......# #####
..#.#.#### #...# .........#
#...# .##.#.#..###...###
.................
####..#.####...#######+###
................@........#
####.###..##.............#
###.†..#..#<.............#######
...†..................o)........
###..#.#.................#....##
..†....................#.#....#
....^....#......#.##.###.#....#
###.............#.#...........#
#.......###.#.#.##..##.#....###


You could see an orc.

Vanquished Creatures
  2 hounds (D:4)
  An iguana (D:4)
  Natasha (thrice) (D:4)
  6 adders
  A white imp (D:3)
  2 worms
  A dart slug (D:1)
  5 orcs
  8 ball pythons
  6 endoplasms
  8 giant cockroaches
  14 goblins
  11 hobgoblins
  5 jackals
  9 kobolds
  4 quokkas
  7 bats
  2 frilled lizards (D:1)
  6 rats
101 creatures vanquished.

Vanquished Creatures (others)
  A human (D:3)
1 creature vanquished.

Grand Total: 102 creatures vanquished

Notes
Turn   | Place    | Note
-------+----------+-------------------------------------------
     0 | D:1      | Mitcholas the Spriggan Hunter began the quest for the Orb.
     0 | D:1      | Reached XP level 1. HP: 10/10 MP: 2/2
   111 | D:1      | Reached XP level 2. HP: 15/15 MP: 3/3
   429 | D:1      | Reached XP level 3. HP: 18/18 MP: 4/4
   526 | D:1      | Reached skill level 5 in Ranged Weapons
   553 | D:1      | Found Qaocroce's Assorted Antiques.
   917 | D:2      | Identified the +7 whip "Ogrebane" {freeze, Dex+2}
  1157 | D:2      | Noticed a shining eye
  1159 | D:2      | Noticed a floating eye
  1160 | D:2      | Found a faded altar of an unknown god.
  1166 | D:2      | Noticed a great orb of eyes
  1166 | D:2      | Noticed a floating eye
  1477 | D:3      | Reached XP level 4. HP: 23/23 MP: 5/5
  1615 | D:3      | Noticed Sigmund
  1700 | D:3      | Found an ancient bone altar of Kikubaaqudgha.
  1701 | D:3      | Noticed a human
  1704 | D:3      | Killed a human
  1743 | D:3      | Found a transporter.
  1745 | D:3      | Noticed Ahpoh's ghost (weakling HuGl)
  1769 | D:3      | Found a transporter.
  1803 | D:3      | Found an ornate altar of the Wu Jian Council.
  2057 | D:3      | Found a sparkling altar of Nemelex Xobeh.
  2356 | D:4      | Reached skill level 6 in Ranged Weapons
  2356 | D:4      | Reached XP level 5. HP: 26/26 MP: 6/6
  2371 | D:4      | Found a shimmering altar of Xom.
  2381 | D:4      | Noticed Natasha
  2386 | D:4      | Killed Natasha
  2387 | D:4      | Reached skill level 1 in Armour
  2398 | D:4      | Noticed Natasha
  2413 | D:4      | Killed Natasha
  2414 | D:4      | Noticed Natasha
  2420 | D:4      | Killed Natasha
  2502 | D:4      | Reached XP level 6. HP: 30/30 MP: 7/7
  2621 | D:4      | Killed from afar by an orc

Illustrated notes

Levels and vault maps discovered:
D:1:      dpeg_arrival_morbid_curiosity, layout_loops_cross, serial_shops,
          nicolae_shop_stone
D:2:      kennysheep_the_goblin_king, layout_rooms,
          hellmonk_ecumenical_altar_watching_god
D:3:      layout_loops_cross, mainiacjoe_overflow_concentric_impassable,
          tgw_kikubaaqudgha, mainiacjoe_overflow_alcove_2,
          gammafunk_ghost_arena, minmay_circle_x, uniq_sigmund
D:4:      layout_basic, xom_confusion_cloud, uniq_natasha

Skill      XL: |  1  2  3  4  5  6 |
---------------+-------------------+-----
Ranged Weapons | 5 6 |  6.5
Dodging        | 3 |  3.7
Fighting       | 2 |  2.3
Armour         | 1 |  1.0
Stealth        | 2 3 |  3.0

Action                   |  1- 3 |  4- 6 || total
-------------------------+-------+-------++-------
Melee: Dagger            |     1 |       ||     1
 Fire: Shortbow          |   107 |   176 ||   283
 Stab: Sleeping          |     1 |       ||     1
Armor: Robe              |     3 |     5 ||     8
Dodge: Dodged            |    30 |    40 ||    70

Table legend: (Time is in decaauts)
 A = Elapsed time spent in this place.
 B = Non-inter-level travel time spent in this place.
 C = Inter-level travel time spent in this place.
 D = Time resting spent in this place.
 E = Time spent auto-exploring this place.
 F = Levels seen in this place.
 G = Mean time per level.
                   A        B        C        D        E       F      G
               +--------+--------+--------+--------+--------+-----+--------+
         Total |   1847 |   1796 |     51 |     19 |    988 |   4 |  461.8 |
       Dungeon |   1847 |   1796 |     51 |     19 |    988 |   4 |  461.8 |
               +--------+--------+--------+--------+--------+-----+--------+

Top non-repeatable levels by time:
     D:3: 627 daAuts
     D:1: 586 daAuts
     D:2: 341 daAuts
     D:4: 292 daAuts
